 Dungeon Crawl Stone Soup version 0.31-a0-851-g7ff8af7976 (webtiles) character file.

Game seed: 18394488140704802883

156 Schnaeble the Cudgeller (level 5, -3/47 HPs)
             Began as a Minotaur Fighter on Oct 6, 2023.
             Slain by a gnoll
             ... wielding a +0 halberd
              (12 damage)
             ... on level 3 of the Dungeon.
             The game lasted 00:01:44 (1390 turns).

Schnaeble the Cudgeller (Minotaur Fighter)          Turns: 1390, Time: 00:01:45

Health: -3/47      AC:  8    Str: 22    XL:     5   Next: 15%
Magic:  0/4        EV:  9    Int:  5    God:
Gold:   55         SH:  4    Dex: 10    Spells: 4/4 levels left

rFire   x . .        a - +0 flail
rCold   + . .        c - +0 buckler
rNeg    . . .        b - +0 scale mail
rPois   .            (helmet restricted)
rElec   .            (no cloak)
rCorr   .            (no gloves)
SInv    .            j - +0 pair of boots
Will    .....        (no amulet) Stlth
                     f - ring of ice
HPRegen 0.27/turn    (no ring)
MPRegen 0.09/turn

%: no passive effects
@: mighty
A: horns 2, retaliatory headbutt
a: no special abilities


You were on level 3 of the Dungeon.
You visited 1 branch of the dungeon, and saw 3 of its levels.

You collected 55 gold pieces.

Inventory:

Hand Weapons
 a - a +0 flail (weapon)
Armour
 b - a +0 scale mail (worn)
 c - a +0 buckler (worn)
 j - a +0 pair of boots (worn)
Jewellery
 f - a ring of ice (left hand)
 o - a +6 ring of strength
Wands
 i - a wand of polymorph (9)
Scrolls
 g - a scroll of revelation {unknown}
 m - a scroll of fog {unknown}
 n - a scroll of noise {unknown}
Potions
 d - a potion of might
 e - a potion of ambrosia {unknown}
 h - a potion of heal wounds {unknown}
 k - a potion of resistance {unknown}
 l - 2 potions of berserk rage {unknown}


   Skills:
 + Level 4.5 Fighting
 * Level 5.8 Maces & Flails
 - Level 3.6 Armour
 + Level 0.2 Dodging
 + Level 0.5 Stealth
 - Level 3.6 Shields


You had 4 spell levels left.
You didn't know any spells.
Your spell library was empty.

Dungeon Overview and Level Annotations

Branches:
Dungeon (3/15)

Altars:


Innate Abilities, Weirdness & Mutations

You have a pair of horns on your head.
You reflexively headbutt those who attack you in melee.


Message History

Found an escape hatch in the floor.
A rat comes into view.
A rat is nearby!
A rat is nearby!
You closely miss the rat. The rat barely misses you. You furiously retaliate!
You headbutt the rat.
You kill the rat!
No target in view!
o - a +6 ring of strength A gnoll comes into view.
It is wielding a +0 antimagic flail.
The gnoll shouts!
A gnoll is nearby!
A gnoll is nearby!
A giant cockroach comes into view.
A gnoll comes into view. It is wielding a +0 halberd.
The gnoll shouts!
You hear a shout!
A gnoll comes into view. It is wielding a +0 spear.
The giant cockroach bites you but does no damage.
You barely miss the giant cockroach. The giant cockroach misses you.
The giant cockroach barely misses you. You furiously retaliate!
You headbutt the giant cockroach!
You kill the giant cockroach!
Sorry, you're not good enough to have a special ability.
You feel very mighty all of a sudden. The gnoll attacks as it pursues you!
The gnoll misses you.
You completely miss the gnoll.
The gnoll hits you with a +0 antimagic flail!
You feel your power leaking away.
The gnoll hits you from afar with a +0 halberd!
The gnoll hits you with a +0 antimagic flail.
You sock the gnoll!
The gnoll is heavily wounded.
The gnoll hits you from afar with a +0 halberd!
The gnoll hits you with a +0 antimagic flail!
* * * LOW HITPOINT WARNING * * *
You closely miss the gnoll. You headbutt the gnoll.
You kill the gnoll!
You block the gnoll's attack. The gnoll hits you with a +0 halberd!
You die...

...?........########.....#
#/.......#..>.......#
###......######.....#
###.....## ##...##
##..g..######.##
###..........#
#.#g######## ###g# #@# #.#
#.# #.# #.# #.# #.# #.#
#.#


You could see 2 gnolls.

Vanquished Creatures
  A scorpion (D:3)
  Terence (D:2)
  2 adders (D:2)
  A gnoll (D:3)
  2 worms (D:2)
  5 ball pythons
  2 endoplasms
  A giant cockroach (D:3)
  4 goblins
  4 hobgoblins
  5 kobolds
  A quokka (D:2)
  3 bats
  A frilled lizard (D:1)
  5 rats
38 creatures vanquished.

Notes
Turn   | Place    | Note
-------+----------+-------------------------------------------
     0 | D:1      | Schnaeble the Minotaur Fighter began the quest for the Orb.
     0 | D:1      | Reached XP level 1. HP: 19/19 MP: 0/0
    76 | D:1      | Reached skill level 3 in Maces & Flails
   165 | D:1      | Reached XP level 2. HP: 26/27 MP: 1/1
   716 | D:2      | Reached XP level 3. HP: 33/33 MP: 2/2
   779 | D:2      | Noticed Terence
   783 | D:2      | Killed Terence
   784 | D:2      | Reached skill level 4 in Maces & Flails
   977 | D:2      | Reached XP level 4. HP: 40/41 MP: 3/3
  1286 | D:3      | Noticed a scorpion
  1291 | D:3      | Killed a scorpion
  1292 | D:3      | Reached skill level 5 in Maces & Flails
  1292 | D:3      | Reached XP level 5. HP: 42/47 MP: 4/4
  1390 | D:3      | Slain by a gnoll

Illustrated notes

Levels and vault maps discovered:
D:1:      eino_arrival_water_cross, layout_loops_ring, chequers_garden
D:2:      layout_basic, uniq_terence
D:3:      layout_loops_ring, nicolae_gozag_cash_rules_everything_around_me,
          mainiacjoe_overflow_alcove_1, gammafunk_temple_overflow_statue,
          nicolae_tso_carved_into_rock, shapermc_ecumenical_altar_hornbeckon,
          serial_shops, shop

Skill      XL: |  1  2  3  4 |
---------------+-------------+-----
Maces & Flails | 3 4 5 |  5.8
Fighting       | 4 |  4.5
Armour         | |  3.6
Dodging        | |  0.2
Stealth        | |  0.5
Shields        | |  3.6

Action                     |  1- 3 |  4- 6 || total
---------------------------+-------+-------++-------
  Melee: Flail             |    56 |    29 ||    85
         Headbutt          |     6 |     5 ||    11
    Use: Potion            |       |     1 ||     1
 Armour: Scale mail        |    34 |    22 ||    56
  Dodge: Dodged            |    28 |    11 ||    39
  Block: Buckler           |    16 |     7 ||    23

Table legend: (Time is in decaauts)
 A = Elapsed time spent in this place.
 B = Non-inter-level travel time spent in this place.
 C = Inter-level travel time spent in this place.
 D = Time resting spent in this place.
 E = Time spent auto-exploring this place.
 F = Levels seen in this place.
 G = Mean time per level.
                   A        B        C        D        E       F      G
               +--------+--------+--------+--------+--------+-----+--------+
         Total |   1408 |   1340 |     68 |      0 |   1082 |   3 |  469.3 |
       Dungeon |   1408 |   1340 |     68 |      0 |   1082 |   3 |  469.3 |
               +--------+--------+--------+--------+--------+-----+--------+

Top non-repeatable levels by time:
     D:1: 661 daAuts
     D:2: 614 daAuts
     D:3: 132 daAuts
